 Dungeon Crawl Stone Soup version 0.26-a0-812-g31a745ddcd (webtiles) character file.

Game seed: 1607792848302005638

32508 Borgoz the Nimble (level 13, -4/82 HPs)
             Began as a Gargoyle Gladiator on Dec 7, 2020.
             Was a High Priest of Dithmenos.
             Slain by a vault guard
             ... wielding a +4 great mace of protection
              (10 damage)
             ... on level 14 of the Dungeon.
             The game lasted 00:31:05 (17328 turns).

Borgoz the Nimble (Gargoyle Gladiator)             Turns: 17328, Time: 00:31:05

Health: -4/82      AC: 30    Str: 19    XL:     13   Next: 65%
Magic:  16/16      EV: 10    Int:  9    God:    Dithmenos [*****.]
Gold:   574        SH: 13    Dex: 21    Spells: 12/12 levels left

rFire    . . .     SeeInvis .   a - +10 morningstar "Eos" {elec, Halo rElec}
rCold    + . .     Faith    .   b - +0 kite shield
rNeg     + . .     Spirit   .   z - +1 plate armour {rC+}
rPois    ∞         Reflect  +   A - +0 helmet (curse)
rElec    +         Harm     .   (no cloak)
rCorr    .         Rampage  .   g - +2 pair of gloves
MR       .....                  (no boots)
Stlth    ..........             f - amulet of reflection
HPRegen  0.23/turn              w - +6 ring of dexterity
MPRegen  0.15/turn              (no ring)

@: liquid flames, glowing
A: negative energy resistance 1, electricity resistance, unbreathing,
petrification resistance, rot immunity, AC +9
a: Shadow Step, Shadow Form, Renounce Religion


You were on level 14 of the Dungeon.
You worshipped Dithmenos.
Dithmenos was extremely pleased with you.
You visited 2 branches of the dungeon, and saw 15 of its levels.
You also visited: Sewer.

You collected 814 gold pieces.
You spent 240 gold pieces at shops.

Inventory:

Hand Weapons
 a - the +10 morningstar "Eos" (weapon) {elec, Halo rElec}
   (You found it on level 8 of the Dungeon)

   Occasionally, upon striking a foe, it will discharge some electrical energy
   and cause terrible harm.
   It insulates you from electricity.
Armour
 b - a +0 kite shield (worn)
 g - a +2 pair of gloves (worn)
 t - a +1 ring mail of fire resistance
 z - a +1 plate armour of cold resistance (worn)
 A - a cursed +0 helmet (worn)
 H - a +0 troll leather armour
Jewellery
 f - an amulet of reflection (around neck)
 j - an uncursed ring of fire
 w - a +6 ring of dexterity (left hand)
Wands
 h - a wand of polymorph (16)
 p - a wand of flame (23)
 q - a wand of disintegration (5)
 y - a wand of acid (10)
 D - a wand of enslavement (4)
 G - a wand of paralysis (9)
Scrolls
 d - a scroll of enchant armour
 k - 5 scrolls of fear
 m - 9 scrolls of remove curse
 o - 2 scrolls of blinking
 s - 4 scrolls of fog
 u - 3 scrolls of amnesia
 E - a scroll of silence
 F - 2 scrolls of teleportation
Potions
 c - a potion of cancellation
 e - a potion of mutation
 i - 3 potions of haste
 l - 4 potions of brilliance
 n - 3 potions of magic
 r - a potion of curing
 v - a potion of berserk rage
 x - 2 potions of flight
 B - 3 potions of invisibility
 C - a potion of resistance


   Skills:
 + Level 10.2 Fighting
 * Level 9.0(10.9) Maces & Flails
   Level 9.9(11.3) Staves
 - Level 1.7 Throwing
 + Level 10.0 Armour
 * Level 11.1 Dodging
 - Level 5.0 Invocations
 - Level 3.0 Evocations


You had 12 spell levels left.
You didn't know any spells.
Your spell library contained the following spells:

 Spells                   Type           Power        Failure   Level
 Poisonous Vapours        Pois/Air       #.....       100%        2
 Conjure Flame            Conj/Fire      #.......     100%        3
 Mephitic Cloud           Conj/Pois/Air  #.......     100%        3
 Bolt of Magma            Conj/Fire/Erth #.........   100%        5
 Iskenderun's Battlesphe  Conj           #.......     100%        5
 Freezing Cloud           Conj/Ice/Air   #.........   100%        6
 Iron Shot                Conj/Erth      #.........   100%        6
 Orb of Destruction       Conj           #.........   100%        7
 Spellforged Servitor     Conj/Summ      #.........   100%        7


Dungeon Overview and Level Annotations

Branches:
Dungeon (14/15)            Temple (1/1) D:4            Lair (0/6) D:8
    Orc (0/2) D:10         Vaults (0/5) D:14          Sewer (visited)

Altars:
Ashenzari
Cheibriados
Dithmenos
Elyvilon
Fedhas
Gozag
Hepliaklqana
Kikubaaqudgha
Makhleb
Nemelex Xobeh
Okawaru
Qazlal
Ru
Sif Muna
Trog
Uskayaw
Vehumet
Wu Jian
Xom
Yredelemnul
Zin
The Shining One

Shops:
D:5 [   D:9 =   D:13 !

Annotations:
D:14 Rupert


Innate Abilities, Weirdness & Mutations

You are resistant to torment.
Your stone body is resilient. (AC +9)
You are immune to poison.
You resist negative energy. (rN+)
You are resistant to electric shocks. (rElec)
You can survive without breathing.
You are immune to petrification.
You are immune to rotting.


Message History

Your shadow completely misses the deep elf mage.
The deep elf mage points at you and mumbles some strange words.
The sticky flame hits you.
You are covered in liquid flames!
* * * LOW HITPOINT WARNING * * *
You block the vault guard's attack.
You puncture the deep elf mage!
Lightning courses through the deep elf mage!
The deep elf mage is almost dead.
You are covered in liquid flames!
* * * LOW HITPOINT WARNING * * *
The deep elf mage casts a spell at you. The sticky flame hits you!
You are covered in liquid flames!
* * * LOW HITPOINT WARNING * * *
You feel better.
You are covered in liquid flames!
* * * LOW HITPOINT WARNING * * *
The vault guard hits you with a +4 great mace of protection!
You die... ..#.### #..... #. ########. ..>.## #.# #Z.Z.WoZ.

#...# #.# ###W######.
#...# #.# ####...#
#...# #.# ###..WZ###
....## #.###.o.####
#....## #.##..###
#.>...## #.e@p##
#...#..#######.#####
#...#..............#
######..........##....
#####..###..# ##
###...)......# ##.
##...#######...#
##..####### #).###
#...##..#......#
####.##
..............#


You could see a vault guard, a deep elf mage, a wraith, an orc and a meliai
zombie.

Vanquished Creatures
  Snorg (D:11)
  Josephine (D:11)
  7 vault guards (D:14)
  3 hydras
  A centaur warrior (D:14)
  2 two-headed ogres
  Urug (D:12)
  Nergalle (D:10)
  Sonja (D:11)
  A skeletal warrior (D:12)
  An unseen horror (D:10)
  Pikel (D:8)
  2 ugly things
  A deep elf mage (D:13)
  3 cyclopes
  3 centaur zombies
  A manticore (D:14)
  Psyche (D:8)
  A gargoyle (D:14)
  The ghost of MewIchigo the Conjurer, a novice HuCj (D:4)
  A kobold demonologist (D:13)
  9 trolls
  2 tengu conjurers (D:14)
  2 hornets
  Prince Ribbit (D:7)
  27 yaks
  8 wraiths
  4 wyverns
  2 soldier ants
  A sky beast (D:12)
  3 ice beasts
  3 orc warriors
  2 black bears
  An eye of draining (D:13)
  An ice beast (shapeshifter) (D:12)
  A necrophage (D:7)
  5 ogres
  4 lemures (D:8)
  6 centaurs
  2 big kobolds (Sewer)
  3 bullfrogs
  3 scorpions
  A wyvern skeleton (D:12)
  8 howler monkeys
  20 wights
  A crimson imp (D:4)
  4 quasits (D:4)
  9 orc priests
  8 hounds
  5 jellies
  4 centaur skeletons
  13 orc wizards
  12 worker ants
  A hound zombie (D:5)
  2 worker ant zombies
  A howler monkey skeleton (D:11)
  13 adders
  3 river rats
  A shadow imp (D:4)
  3 white imps
  An ufetubus (D:8)
  3 oozes
  2 adder skeletons
  An adder zombie (D:7)
  3 dart slugs
  2 leopard geckos
  48 orcs
  7 ball pythons
  11 bats
  3 giant cockroaches
  4 hobgoblins
  16 jackals
  7 quokkas
  5 frilled lizards
  5 goblins
  2 goblin zombies (D:4)
  A hobgoblin zombie (D:4)
  9 kobolds
  2 kobold skeletons (D:4)
  3 kobold zombies (D:4)
  A leopard gecko skeleton (D:5)
  An orc skeleton (D:4)
  14 rats
385 creatures vanquished.

Vanquished Creatures (others)
  An orc (D:10)
  7 fungi (D:8)
  10 plants (D:8)
18 creatures vanquished.

Grand Total: 403 creatures vanquished

Notes
Turn   | Place    | Note
-------+----------+-------------------------------------------
     0 | D:1      | Borgoz the Gargoyle Gladiator began the quest for the Orb.
     0 | D:1      | Reached XP level 1. HP: 12/12 MP: 1/1
   307 | D:1      | Reached XP level 2. HP: 11/17 MP: 2/2
   425 | D:1      | Found a sparkling altar of Nemelex Xobeh.
  1731 | D:2      | Reached XP level 3. HP: 22/22 MP: 3/3
  1867 | D:2      | Reached skill level 1 in Armour
  2078 | D:2      | Found a snail-covered altar of Cheibriados.
  2212 | D:2      | Reached skill level 3 in Dodging
  2571 | D:3      | Reached XP level 4. HP: 25/27 MP: 4/4
  2756 | D:3      | Found a glowing drain.
  2847 | Sewer    | Entered a sewer
  2953 | Sewer    | Reached XP level 5. HP: 24/32 MP: 5/5
  3231 | Sewer    | Noticed a big kobold
  3254 | Sewer    | Killed a big kobold
  3337 | Sewer    | Noticed a big kobold
  3353 | Sewer    | Killed a big kobold
  3353 | Sewer    | Reached XP level 6. HP: 28/37 MP: 6/6
  3603 | D:3      | Found a sacrificial altar of Ru.
  3618 | D:3      | Found a faded altar of an unknown god.
  3635 | D:3      | Found a shimmering altar of Xom.
  3637 | D:3      | Found a shimmering blue altar of Sif Muna.
  3789 | D:3      | Found a glowing silver altar of Zin.
  4285 | D:4      | Reached skill level 4 in Dodging
  4326 | D:4      | Reached skill level 5 in Staves
  4370 | D:4      | Reached XP level 7. HP: 39/42 MP: 7/7
  4413 | D:4      | Found a glowing golden altar of the Shining One.
  4529 | D:4      | Noticed MewIchigo's ghost (novice HuCj)
  4543 | D:4      | Found a transporter.
  4547 | D:4      | Found a shadowy altar of Dithmenos.
  4626 | D:4      | Became a worshipper of Dithmenos the Shadowed
  4647 | D:4      | Found a transporter.
  4932 | D:4      | HP: 1/43 [orc priest/divine providence (9)]
  5268 | D:4      | Found a staircase to the Ecumenical Temple.
  5394 | Temple   | Entered the Ecumenical Temple
  5715 | D:5      | Entered Level 5 of the Dungeon
  5915 | D:5      | Found a blossoming altar of Fedhas.
  6276 | D:5      | Reached XP level 8. HP: 37/48 MP: 8/8
  6439 | D:5      | Reached skill level 5 in Dodging
  6482 | D:5      | Found Nigal's Antique Armour Shoppe.
  6502 | D:5      | Bought a runed helmet for 240 gold pieces
  7523 | D:6      | Reached * piety under Dithmenos
  7632 | D:6      | Reached skill level 5 in Fighting
  8500 | D:7      | Noticed Prince Ribbit
  8505 | D:7      | Reached XP level 9. HP: 52/54 MP: 9/9
  8525 | D:7      | Killed Prince Ribbit
  8525 | D:7      | Reached skill level 6 in Dodging
  8896 | D:7      | Reached skill level 5 in Armour
  9173 | D:4      | Killed MewIchigo's ghost
  9288 | D:8      | Noticed a two-headed ogre
  9294 | D:8      | Noticed Psyche
  9303 | D:8      | Killed a two-headed ogre
  9316 | D:8      | Paralysed by something for 6 turns
  9325 | D:8      | Killed Psyche
  9325 | D:8      | Reached skill level 7 in Dodging
  9325 | D:8      | Reached XP level 10. HP: 52/61 MP: 8/10
  9393 | D:8      | You fall into a shaft and drop 3 floors!
  9449 | D:11     | Noticed a cyclops
  9462 | D:11     | Killed a cyclops
  9481 | D:11     | Reached ** piety under Dithmenos
  9757 | D:10     | Entered Level 10 of the Dungeon
  9937 | D:10     | Found a staircase to the Orcish Mines.
 10212 | D:9      | Found Ruehoik's Jewellery Shop.
 10218 | D:9      | Noticed a two-headed ogre
 10238 | D:9      | Killed a two-headed ogre
 10358 | D:9      | Found an ancient bone altar of Kikubaaqudgha.
 10420 | D:9      | Reached *** piety under Dithmenos
 10420 | D:9      | Reached skill level 8 in Dodging
 10623 | D:8      | Found a staircase to the Lair.
 10640 | D:8      | Noticed Pikel
 10703 | D:8      | Killed Pikel
 11103 | D:8      | Found the +10 morningstar "Eos" {elec, Halo rElec}
 11645 | D:9      | Reached XP level 11. HP: 67/67 MP: 11/11
 11653 | D:9      | Reached skill level 1 in Maces & Flails
 11775 | D:9      | Reached skill level 1 in Invocations
 12079 | D:9      | Reached skill level 1 in Evocations
 12364 | D:10     | Noticed Nergalle
 12371 | D:11     | Noticed Snorg
 12429 | D:10     | Reached **** piety under Dithmenos
 12628 | D:10     | Killed an unseen horror
 12767 | D:10     | Killed Nergalle
 13239 | D:11     | Killed Snorg
 13239 | D:11     | Reached skill level 9 in Dodging
 13469 | D:11     | Noticed Josephine
 13484 | D:11     | Killed Josephine
 13570 | D:11     | Noticed Sonja
 13578 | D:11     | Killed Sonja
 13578 | D:11     | Reached XP level 12. HP: 39/75 MP: 14/14
 13874 | D:11     | Reached skill level 5 in Maces & Flails
 14170 | D:11     | You fall into a shaft and drop 2 floors!
 14207 | D:13     | Noticed an eight-headed hydra
 14224 | D:13     | Killed an eight-headed hydra
 14534 | D:12     | Noticed Urug
 14650 | D:12     | Killed Urug
 14967 | D:12     | Noticed a six-headed hydra
 14975 | D:12     | Killed a six-headed hydra
 14975 | D:12     | Reached skill level 10 in Dodging
 15369 | D:12     | Reached skill level 5 in Invocations
 15716 | D:13     | Found Gum Wezo's Distillery.
 16140 | D:13     | Reached ***** piety under Dithmenos
 16311 | D:13     | Reached XP level 13. HP: 80/80 MP: 16/16
 16800 | D:14     | Noticed Rupert
 17257 | D:14     | Noticed a vault guard
 17257 | D:14     | Noticed a vault guard
 17257 | D:14     | Noticed a vault guard
 17257 | D:14     | Noticed a vault guard
 17258 | D:14     | Found a gate to the Vaults.
 17258 | D:14     | Noticed a vault guard
 17258 | D:14     | Noticed a vault guard
 17260 | D:14     | Noticed a vault guard
 17260 | D:14     | Noticed a vault guard
 17266 | D:14     | Killed a vault guard
 17266 | D:14     | Reached skill level 10 in Fighting
 17273 | D:14     | Killed a vault guard
 17278 | D:14     | Killed a vault guard
 17281 | D:14     | Killed a vault guard
 17281 | D:14     | Reached skill level 11 in Dodging
 17288 | D:14     | Killed a vault guard
 17293 | D:14     | Killed a vault guard
 17306 | D:14     | Killed a vault guard
 17306 | D:14     | Reached skill level 10 in Armour
 17327 | D:14     | HP: 1/82 [deep elf mage/sticky flame (8)]
 17328 | D:14     | Slain by a vault guard

Illustrated notes

Levels and vault maps discovered:
D:1:      dpeg_cavernosity, layout_basic, nemelex_diamond_rough_becter
D:2:      layout_basic, kennysheep_slug_shrine, kennysheep_minor_cross
D:3:      layout_loops_ring, lemuel_doored_altar, lemuel_round_altar,
          minitemple, portal_sewer_entry_b, chequers_ecumenical_altar_twisty
D:4:      layout_loops_ring, nicolae_tso_besieged_by_evil,
          minmay_temple_entry_poolview, gammafunk_ghost_stat_death,
          grunt_dithmenos_shadows
D:5:      layout_layer_cave, nicolae_overflow_hidden_temple, serial_shops,
          kennysheep_mini
D:6:      layout_gridville
D:7:      layout_loops_ring, serial_aquarium, aquarium_bridge_square
          [aquarium_subvault_balcony, aquarium_subvault_window,
          aquarium_subvault_bridge, aquarium_subvault_bridge],
          aquarium_bridge_straight [aquarium_subvault_bridge,
          aquarium_subvault_wall, aquarium_subvault_bridge,
          aquarium_subvault_wall], aquarium_window_corridor_2,
          aquarium_window_1, aquarium_window_2, aquarium_window_fake,
          aquarium_view_2a, uniq_prince_ribbit1
D:8:      layout_layer_cave, dpeg_oklobed_lair, moated_statue, uniq_pikel,
          uniq_psyche
D:9:      layout_roguey, kiku_gazebo_pond_becter, serial_shops,
          nicolae_shop_waterfront, grunt_decor_one_mirror
D:10:     layout_loops_corners, hiddenorc2_lemuel, uniq_nergalle
D:11:     layout_stronghold, uniq_snorg, uniq_sonja, uniq_josephine
D:12:     layout_irregular_city, minmay_radiant, uniq_urug
D:13:     layout_irregular_city, serial_shops, shop_statue
D:14:     layout_rooms, erik_vaults_2, hex_medium, uniq_rupert, uniq_nessos
Temple:   eino_temple_water

Skill      XL: |  1  2  3  4  5  6  7  8  9 10 11 12 13 |
---------------+----------------------------------------+-----
Armour         | 1 2 3 4 6 7 8 9 10 | 10.0
Dodging        | 3 4 5 7 8 9 10 11 | 11.1
Staves         | 4 5 7 8 9 |  9.9
Fighting       | 3 4 5 6 7 8 9 10 | 10.2
Maces & Flails | 4 7 9 |  9.0
Invocations    | 3 5 |  5.0
Evocations     | 2 3 |  3.0
Throwing       | |  1.7

Action                   |  1- 3 |  4- 6 |  7- 9 | 10-12 | 13-15 || total
-------------------------+-------+-------+-------+-------+-------++-------
Melee: Quarterstaff      |   136 |   210 |   458 |   492 |       ||  1296
       Morningstar       |       |       |       |   348 |   135 ||   483
Throw: Throwing net      |       |       |     1 |     5 |       ||     6
Evoke: Wand              |       |       |     7 |    14 |       ||    21
  Use: Scroll            |       |    11 |    11 |     4 |     2 ||    28
       Potion            |       |     3 |     3 |     3 |     1 ||    10
 Stab: Held in net/web   |       |       |       |     1 |       ||     1
Armor: Leather armour    |    72 |    51 |       |       |       ||   123
       Ring mail         |       |    19 |   280 |   137 |       ||   436
       Plate armour      |       |       |       |   171 |    80 ||   251
Dodge: Dodged            |    96 |   128 |   386 |   425 |    37 ||  1072
Block: Other             |    29 |    44 |   125 |    78 |       ||   276
       Reflection        |     1 |     3 |     6 |     7 |     2 ||    19
       Kite shield       |       |       |       |   214 |    88 ||   302

Table legend: (Time is in decaauts)
 A = Elapsed time spent in this place.
 B = Non-inter-level travel time spent in this place.
 C = Inter-level travel time spent in this place.
 D = Time resting spent in this place.
 E = Time spent auto-exploring this place.
 F = Levels seen in this place.
 G = Mean time per level.
                   A        B        C        D        E       F      G
               +--------+--------+--------+--------+--------+-----+--------+
         Total |  17491 |  16140 |   1351 |   3195 |   9373 |  16 | 1093.2 |
       Dungeon |  16440 |  15103 |   1337 |   3000 |   8876 |  14 | 1174.3 |
        Temple |    218 |    204 |     14 |      0 |    203 |   1 |  218.0 |
         Sewer |    832 |    832 |      0 |    195 |    294 |   1 |  832.0 |
               +--------+--------+--------+--------+--------+-----+--------+

Top non-repeatable levels by time:
     D:1: 1731 daAuts
    D:11: 1681 daAuts
     D:5: 1482 daAuts
    D:10: 1397 daAuts
     D:4: 1381 daAuts
    D:13: 1316 daAuts
     D:7: 1126 daAuts
     D:8: 1114 daAuts
    D:12: 1105 daAuts
     D:3: 962 daAuts
     D:6: 962 daAuts
     D:9: 903 daAuts
     D:2: 844 daAuts
   Sewer: 832 daAuts
    D:14: 430 daAuts
